 Dungeon Crawl Stone Soup version 0.31-a0-564-g3b7de120b3 (webtiles) character file.

Game seed: 5436401817197529401

321 mobinator the Conjurer (level 6, -1/45 HPs)
             Began as a Draconian Conjurer on Aug 17, 2023.
             Was an Initiate of Yredelemnul.
             Slain by Eustachio
             ... wielding a +0 rapier
              (3 damage)
             ... on level 4 of the Dungeon.
             The game lasted 00:24:26 (4273 turns).

mobinator the Conjurer (Draconian Conjurer)         Turns: 4273, Time: 00:24:27

Health: -1/45      AC:  6    Str: 10    XL:     6   Next: 22%
Magic:  0/10       EV:  2    Int: 20    God:    Yredelemnul [......]
Gold:   218        SH:  0    Dex: -2 (9) Spells: 4/11 levels left

rFire   + . .        q - +0 quarterstaff (drain)
rCold   . . .        (shield currently unavailable)
rNeg    . . .        (body armour unavailable)
rPois   .            (helmet restricted)
rElec   .            (no cloak)
rCorr   .            (no gloves)
SInv    .            (no boots)
Will    .....        e - amulet of guardian spirit Stlth
                     (no ring)
HPRegen 0.27/turn    (no ring)
MPRegen 0.12/turn

%: guardian spirit
@: slowed, lost dexterity, very slow
A: AC +6, unfitting armour, cold-blooded, horns 1, deterioration 1, fire
resistance 1
a: Renounce Religion, Recall Undead Harvest


You were on level 4 of the Dungeon.
You worshipped Yredelemnul.
Yredelemnul was noncommittal.
You visited 1 branch of the dungeon, and saw 4 of its levels.

You collected 218 gold pieces.

Inventory:

Hand Weapons
 f - a +0 short sword
 j - a +0 dagger of electrocution
 q - a +0 quarterstaff of draining (weapon)
Missiles
 i - 2 throwing nets
Magical Staves
 l - a staff of earth
Jewellery
 e - an amulet of guardian spirit (around neck)
Scrolls
 b - 4 scrolls of identify
 c - a scroll of teleportation {unknown}
 g - 2 scrolls of vulnerability {unknown}
 h - a scroll of immolation {unknown}
 k - a scroll of fog {unknown}
Potions
 a - a potion of magic
 d - a potion of attraction {unknown}
 m - a potion of might {unknown}
 n - a potion of heal wounds {unknown}
 o - 2 potions of berserk rage {unknown}
 p - a potion of haste {unknown}
 r - a potion of mutation


   Skills:
 + Level 2.9 Dodging
 + Level 3.0 Stealth
 + Level 3.0 Spellcasting
 * Level 6.0 Conjurations


You had 4 spell levels left.
You knew the following spells:

 Your Spells              Type           Power      Damage    Failure   Level
a - Magic Dart            Conj           100%       1d8       1%          1
b - Searing Ray           Conj           54%        2d6       1%          2
c - Iskenderun's Mystic   Conj/Tloc      15%        2d5       38%         4

Your spell library contained the following spells:

 Spells                   Type           Power      Damage    Failure   Level
 Dazzling Flash           Conj/Hex       30%        N/A       12%         3
 Hailstorm                Conj/Ice       15%        3d5       12%         3
 Freeze                   Ice            12%        1d3       14%         1
 Ensorcelled Hibernation  Hex/Ice        6%         N/A       22%         2
 Frozen Ramparts          Ice            6%         1d1       38%         3
 Fulminant Prism          Conj/Hex       7%         3d7       38%         4
 Anguish                  Hex/Necr       1%         N/A       80%         4
 Haunt                    Necr/Summ      1%         N/A       100%        7
 Borgnjor's Revivificati  Necr           1%         N/A       100%        8
 Death's Door             Necr           1%         N/A       100%        9


Dungeon Overview and Level Annotations

Branches:
Dungeon (4/15)
 Temple: D:4-7

Altars:
Ashenzari
Hepliaklqana
Nemelex Xobeh
Wu Jian
Yredelemnul
Zin

Annotations:
D:4 Eustachio


Innate Abilities, Weirdness & Mutations

Your plain brown scales are hard. (AC +6)
You cannot fit into any form of body armour.
You are cold-blooded and may be slowed by cold attacks.
You have a pair of small horns on your head.
Your body sometimes deteriorates upon taking damage.
Your flesh is heat resistant. (rF+)


Message History

The searing ray hits the white imp.
The white imp is moderately wounded.
The searing ray misses Eustachio. (Press . to maintain the ray.)
The white imp gestures at you. The puff of frost hits you.
The searing ray hits the white imp.
The white imp is heavily wounded.
The searing ray hits Eustachio!
Eustachio is moderately wounded.
The white imp gestures at you. The puff of frost hits you!
* * * LOW HITPOINT WARNING * * *
The crimson imp blinks!
Eustachio mumbles some strange words.
Eustachio blinks!
The searing ray hits Eustachio.
Eustachio is moderately wounded.
The white imp hits you.
* * * LOW HITPOINT WARNING * * *
The white imp freezes you.
You feel yourself slow down.
* * * LOW HITPOINT WARNING * * *
Eustachio yells, "Perjured traitor, DIE!"
The white imp hits you.
* * * LOW HITPOINT WARNING * * *
The white imp freezes you.
* * * LOW HITPOINT WARNING * * *
Your body deteriorates!
You feel clumsy.
Okay, then.
The crimson imp disappears in a puff of smoke!
Eustachio hits you with a +0 rapier.
* * * LOW HITPOINT WARNING * * *
The white imp barely misses you. Eustachio hits you but does no damage.
Eustachio gestures wildly while chanting.
The white imp summons a swarm of flies.
The white imp hits you but does no damage.
The white imp disappears in a puff of smoke!
Eustachio hits you with a +0 rapier.
You die...
Your body rises from the dead as a mindless zombie.

## #..........## #≈≈ ##~. .#
##.##+##..#..# #≈##~.. .##
###..#...#..##.########≈≈≈≈≈≈ ..#
#.....................##≈≈≈≈≈
#.###.####...####.#.......####..~
#.....#⌠.##+##.⌠)..............#.
##....#........5#.........<.#####
...#.###.....).@#.##........# #
#..#...#.......#@..#........#####
#......+..._...+...#......[.#....
#..#...#.......#...#........#.###
#...###...)....##.##..........#
#.... #.........#....#.####..####
#.##..#⌠.#.+#..⌠#................
#.. ..####...##.#................
### ... #...#..............#.###
... ....#...###.####...#.#


You could see Eustachio and an ufetubus (summoned).

Vanquished Creatures
  A phantom (D:4)
  A sleepcap (D:4)
  An orc wizard (D:4)
  2 scorpion zombies (D:3)
  3 gnolls (D:2)
  3 adders
  An adder zombie (D:3)
  A worm (D:4)
  4 dart slugs
  5 orcs
  7 bats
  6 endoplasms
  2 giant cockroaches
  3 goblins
  6 hobgoblins
  A jackal (D:1)
  5 kobolds
  A quokka (D:1)
  5 ball pythons
  3 frilled lizards
  A giant cockroach zombie (D:4)
  10 rats
72 creatures vanquished.

Vanquished Creatures (collateral kills)
  A hobgoblin (D:3)
1 creature vanquished.

Vanquished Creatures (others)
  A kobold zombie (D:4)
  2 orc zombies (D:4)
  A rat zombie (D:3)
4 creatures vanquished.

Grand Total: 77 creatures vanquished

Notes
Turn   | Place    | Note
-------+----------+-------------------------------------------
     0 | D:1      | mobinator the Draconian Conjurer began the quest for the
                  | Orb.
     0 | D:1      | Reached XP level 1. HP: 14/14 MP: 3/3
   104 | D:1      | Found a faded altar of an unknown god.
   370 | D:1      | Reached XP level 2. HP: 11/20 MP: 0/5
   402 | D:1      | Learned a level 2 spell: Searing Ray
  1678 | D:2      | Reached XP level 3. HP: 26/26 MP: 3/6
  1744 | D:2      | Reached skill level 5 in Conjurations
  2011 | D:2      | Reached XP level 4. HP: 33/33 MP: 2/7
  2114 | D:2      | Gained mutation: Your tail ends in a venomous barb. [potion
                  | of mutation]
  2114 | D:2      | Gained mutation: You are partially covered in large bone
                  | plates. (SH +4) [potion of mutation]
  2114 | D:2      | Gained mutation: Your spells are a little easier to cast,
                  | but a little less powerful. [potion of mutation]
  2116 | D:2      | Lost mutation: You are partially covered in large bone
                  | plates. (SH +4) [potion of mutation]
  2116 | D:2      | Lost mutation: Your spells are a little easier to cast, but
                  | a little less powerful. [potion of mutation]
  2116 | D:2      | Gained mutation: Your body sometimes deteriorates upon
                  | taking damage. [potion of mutation]
  2116 | D:2      | Gained mutation: You are occasionally teleported next to
                  | monsters. [potion of mutation]
  2245 | D:2      | You fall into a shaft and drop 1 floor!
  2253 | D:3      | Learned a level 4 spell: Iskenderun's Mystic Blast
  2427 | D:3      | Lost mutation: You are occasionally teleported next to
                  | monsters. [potion of mutation]
  2427 | D:3      | Lost mutation: Your tail ends in a venomous barb. [potion
                  | of mutation]
  2427 | D:3      | Gained mutation: You have a pair of small horns on your
                  | head. [potion of mutation]
  2427 | D:3      | Gained mutation: Your flesh is heat resistant. (rF+)
                  | [potion of mutation]
  3303 | D:3      | Found a basalt altar of Yredelemnul.
  3312 | D:3      | Became a worshipper of Yredelemnul the Dark
  3320 | D:3      | Reached XP level 5. HP: 36/38 MP: 8/8
  3331 | D:3      | Found a hazy altar of Hepliaklqana.
  3331 | D:3      | Found a faded altar of an unknown god.
  3342 | D:3      | Found an ornate altar of the Wu Jian Council.
  3348 | D:3      | Found a sparkling altar of Nemelex Xobeh.
  3353 | D:3      | Found a glowing silver altar of Zin.
  3786 | D:4      | Noticed Eustachio
  3932 | D:4      | Found a broken altar of Ashenzari.
  4187 | D:4      | Noticed a phantom
  4201 | D:4      | Killed a phantom
  4202 | D:4      | Reached skill level 6 in Conjurations
  4202 | D:4      | Reached XP level 6. HP: 37/45 MP: 3/10
  4257 | D:4      | Lost dexterity.
  4270 | D:4      | HP: 2/45 [white imp[Eustachio] (5)]
  4273 | D:4      | Slain by Eustachio

Illustrated notes

Levels and vault maps discovered:
D:1:      dpeg_arrival_brainrot, layout_basic, ebering_ecumenical_altar_box,
          chequers_big_river
D:2:      layout_loops_ring
D:3:      layout_basic, nicolae_yredelemnul_corpse_copse,
          chequers_temple_overflow_minitemple
D:4:      layout_rooms, grunt_temple_overflow_growth_and_decay,
          evilmike_ruin_ashenzari, serial_rivers,
          chequers_serial_rivers_micro_e, chequers_serial_rivers_small_3,
          chequers_serial_rivers_large_a, chequers_serial_rivers_micro_e,
          chequers_serial_rivers_small_3, uniq_ijyb, uniq_eustachio

Skill      XL: |  1  2  3  4  5 |
---------------+----------------+-----
Stealth        | 2 3 |  3.0
Dodging        | 2 |  2.9
Conjurations   | 5 6 |  6.0
Spellcasting   | 3 |  3.0

Action                     |  1- 3 |  4- 6 || total
---------------------------+-------+-------++-------
  Melee: Unarmed           |     2 |       ||     2
         Staff             |       |    22 ||    22
         Headbutt          |       |     8 ||     8
         Tailslap          |       |     7 ||     7
         Quarterstaff      |       |    21 ||    21
   Cast: Magic Dart        |    50 |    61 ||   111
         Searing Ray       |     6 |    12 ||    18
         Iskenderun's Myst |       |     3 ||     3
    Use: Potion            |       |     3 ||     3
         Scroll            |       |     1 ||     1
   Stab: Sleeping          |       |     2 ||     2
 Armour: Skin              |    29 |    83 ||   112
  Dodge: Dodged            |    62 |    95 ||   157

Table legend: (Time is in decaauts)
 A = Elapsed time spent in this place.
 B = Non-inter-level travel time spent in this place.
 C = Inter-level travel time spent in this place.
 D = Time resting spent in this place.
 E = Time spent auto-exploring this place.
 F = Levels seen in this place.
 G = Mean time per level.
                   A        B        C        D        E       F      G
               +--------+--------+--------+--------+--------+-----+--------+
         Total |   4311 |   4266 |     45 |    717 |   2290 |   4 | 1077.8 |
       Dungeon |   4311 |   4266 |     45 |    717 |   2290 |   4 | 1077.8 |
               +--------+--------+--------+--------+--------+-----+--------+

Top non-repeatable levels by time:
     D:3: 1502 daAuts
     D:1: 1494 daAuts
     D:2: 766 daAuts
     D:4: 548 daAuts
